 Dungeon Crawl Stone Soup version 0.29.0-5-ge4962eb29e (webtiles) character file.

Game seed: 12076740135127066071

5705 ImASeal the Covert (level 10, -4/69 HPs)
             Began as an Octopode Berserker on Aug 28, 2022.
             Was a Priest of Trog.
             Slain by a seven-headed hydra (7 damage)
             ... on level 9 of the Dungeon.
             The game lasted 01:10:46 (10825 turns).

ImASeal the Covert (Octopode Berserker)            Turns: 10825, Time: 01:10:47

Health: -4/69      AC:  1    Str: 18    XL:     10   Next: 76%
Magic:  28/28      EV: 20    Int:  9    God:    Trog [***...]
Gold:   621        SH:  0    Dex: 15    Spells: 9/9 levels left

rFire   . . .      SeeInvis .   m - +0 dagger (speed)
rCold   . . .      Faith    .   (no shield)
rNeg    . . .      Spirit   .   (helmet restricted)
rPois   .          Reflect  .   v - amulet of magic regeneration
rElec   .          Harm     .   q - ring of magical power
rCorr   .          Rampage  .   B - ring of magical power
Will    .....                   C - ring of flight
Stlth   +++++++...              Q - +4 ring of evasion
HPRegen 0.21/turn               (no ring)
MPRegen 0.61/turn               (no ring)
                                (no ring)
                                (no ring)

@: on berserk cooldown, flying, slowed, very slow
A: almost no armour, amphibious, 8 rings, camouflage 1, gelatinous body 1,
(nimble swimmer 1), tentacles
a: Renounce Religion, Berserk, Trog's Hand


You were on level 9 of the Dungeon.
You worshipped Trog.
Trog was most pleased with you.
You visited 3 branches of the dungeon, and saw 11 of its levels.

You collected 621 gold pieces.

Inventory:

Hand Weapons
 a - a +0 short sword
 m - a +0 dagger of speed (weapon)
 I - a +4 quarterstaff of chaos
 M - a +4 mace of freezing
 O - a +1 battleaxe
Missiles
 g - 8 poisoned darts
 j - a throwing net
 r - 3 boomerangs
Jewellery
 q - a ring of magical power (left tentacle)
 v - an amulet of magic regeneration (around mantle)
 B - a ring of magical power (right tentacle)
 C - a ring of flight (on tentacle)
 Q - a +4 ring of evasion (on tentacle)
Wands
 c - a wand of flame (34)
 F - a wand of quicksilver (17)
 H - a wand of polymorph (7)
 J - a wand of paralysis (19)
Scrolls
 b - a scroll of silence {unknown}
 h - a scroll of torment {unknown}
 l - 4 scrolls of fog
 n - a scroll of magic mapping {unknown}
 o - a scroll of vulnerability {unknown}
 p - 3 scrolls of fear
 t - 2 scrolls of noise {unknown}
 u - a scroll of poison {unknown}
 w - 3 scrolls of immolation {unknown}
 x - 3 scrolls of teleportation {unknown}
 y - 2 scrolls of amnesia {unknown}
 A - a scroll of acquirement {unknown}
 D - 2 scrolls of enchant weapon {unknown}
 N - a scroll of blinking {unknown}
 P - 2 scrolls of identify
Potions
 d - 4 potions of lignification
 e - 2 potions of curing {unknown}
 f - 2 potions of might
 i - 3 potions of brilliance
 k - a potion of degeneration
 s - 5 potions of attraction
 z - 2 potions of cancellation
 G - a potion of mutation {unknown}
 K - a potion of flight {unknown}
 L - a potion of heal wounds (quivered)
Miscellaneous
 E - a piece from Xom's chessboard (15/15)


   Skills:
 + Level 6.4 Fighting
 + Level 8.7 Short Blades
 + Level 7.1 Dodging
 + Level 14.3 Stealth
 + Level 1.7 Evocations


You had 9 spell levels left.
You didn't know any spells.
Your spell library contained the following spells:

 Spells                   Type           Power      Damage    Failure   Level
 Sublimation of Blood     Necr           0%         N/A       52%         2
 Wereblood                Tmut           0%         N/A       52%         2
 Summon Hydra             Summ           0%         N/A       100%        7


Dungeon Overview and Level Annotations

Branches:
Dungeon (9/15)             Temple (1/1) D:5            Lair (1/5) D:9
    Orc: D:9-12

Altars:
Ashenzari
Cheibriados
Dithmenos
Elyvilon
Fedhas
Gozag
Hepliaklqana
Kikubaaqudgha
Nemelex Xobeh
Qazlal
Ru
Sif Muna
Trog
Wu Jian
Xom
Yredelemnul
Zin
The Shining One

Shops:
D:8 :


Innate Abilities, Weirdness & Mutations

You cannot wear most types of armour.
You are amphibious.
You can wear up to eight rings at the same time.
Your skin changes colour to match your surroundings (Stealth+).
Your rubbery body absorbs attacks. (AC +1, EV +1)
((You are camouflaged when in or above water. (Stealth+)))
You have tentacles for arms and can constrict up to eight enemies at once.


Message History

The bullfrog barely misses you.
You hit the bullfrog. You grab the bullfrog.
The bullfrog is heavily wounded.
You constrict the bullfrog. You completely miss the bullfrog.
You tentacle-slap the bullfrog.
The bullfrog is severely wounded.
You constrict the bullfrog. The bullfrog closely misses you.
You puncture the bullfrog!
You feel the power of Trog in you as your rage grows.
You kill the bullfrog!
Trog accepts your kill. The blink frog misses you.
You feel a strong urge to attack something.
There is a staircase back to the Dungeon, spattered with blood here.
You hit the komodo dragon but do no damage.
You puncture the komodo dragon!
The komodo dragon is lightly wounded.
The blink frog blinks!
The komodo dragon bites you!!
The blink frog hits you but does no damage.
The blink frog blinks!
You hit the komodo dragon.
The komodo dragon is lightly wounded.
The blink frog misses you.
You fly upwards.
Welcome back to the Dungeon!
You feel a strong urge to attack something.
There is a staircase to the Lair here.
You are no longer berserk.
You are exhausted.
You feel yourself slow down. The komodo dragon bites you.
* * * LOW HITPOINT WARNING * * *
The blink frog misses you. The komodo dragon misses you.
The blink frog attacks as you move away!
The blink frog barely misses you. The seven-headed hydra misses you.
The seven-headed hydra bites you!
* * * LOW HITPOINT WARNING * * *
The seven-headed hydra completely misses you.
The seven-headed hydra bites you.
* * * LOW HITPOINT WARNING * * *
The seven-headed hydra bites you!
You die...

########## #........#
###.#......# #.>........#
#........... #...Dl.#..#
#...F@.# # #......#.
############........
.............#+######
.#......#..#.#
.............##############
#######+#####.............#
#.....#.......#
########.....#...#...#


You could see a seven-headed hydra, a komodo dragon and a blink frog.

Vanquished Creatures
  A tengu warrior (D:8)
  Pikel (D:6)
  The ghost of PigKeeper the Fruitful, a novice TeWr of Fedhas (D:6)
  A tengu conjurer (D:8)
  2 blink frogs (Lair:1)
  Grinder (D:6)
  A wraith (D:6)
  3 water moccasins
  2 black bears
  3 sky beasts
  2 ice beasts
  2 ogres (D:6)
  4 centaurs
  2 phantoms
  A lemure (D:6)
  2 bullfrogs
  2 scorpions
  3 necrophages
  12 wights
  3 howler monkeys (D:8)
  4 hounds
  3 jellies
  An orc priest (D:8)
  Crazy Yiuf (D:7)
  4 iguanas
  3 orc wizards
  13 adders
  A river rat (D:6)
  An ufetubus (D:6)
  2 worms
  3 dart slugs
  17 orcs
  12 ball pythons
  8 endoplasms
  4 giant cockroaches
  6 goblins
  6 hobgoblins
  10 jackals
  4 kobolds
  4 quokkas
  3 bats
  3 frilled lizards
  9 rats
171 creatures vanquished.

Vanquished Creatures (others)
  5 fungi
5 creatures vanquished.

Grand Total: 176 creatures vanquished

Notes
Turn   | Place    | Note
-------+----------+-------------------------------------------
     0 | D:1      | ImASeal the Octopode Berserker began the quest for the Orb.
     0 | D:1      | Reached XP level 1. HP: 16/16 MP: 1/1
    73 | D:1      | Reached XP level 2. HP: 9/21 MP: 2/2
   460 | D:1      | Reached XP level 3. HP: 26/26 MP: 3/3
  1265 | D:2      | Reached ** piety under Trog
  1687 | D:2      | Reached skill level 1 in Stealth
  1718 | D:2      | Found a faded altar of an unknown god.
  1807 | D:2      | Reached XP level 4. HP: 32/32 MP: 4/4
  2580 | D:3      | Reached skill level 2 in Stealth
  3017 | D:4      | Reached skill level 3 in Stealth
  3017 | D:4      | Reached XP level 5. HP: 33/37 MP: 5/5
  3153 | D:4      | Noticed a phantom
  3180 | D:4      | Killed a phantom
  3181 | D:4      | Reached skill level 4 in Stealth
  3181 | D:4      | Reached XP level 6. HP: 23/43 MP: 6/6
  3621 | D:4      | Reached *** piety under Trog
  3769 | D:5      | Entered Level 5 of the Dungeon
  4024 | D:5      | Found a shimmering altar of Xom.
  4027 | D:5      | Noticed a black bear
  4036 | D:5      | Killed a black bear
  4037 | D:5      | Reached skill level 5 in Stealth
  4089 | D:5      | Reached skill level 5 in Short Blades
  4089 | D:5      | Reached XP level 7. HP: 29/48 MP: 7/7
  4479 | D:5      | Reached skill level 6 in Stealth
  4694 | D:5      | Found a staircase to the Ecumenical Temple.
  4710 | Temple   | Entered the Ecumenical Temple
  5302 | D:6      | Reached skill level 7 in Stealth
  5312 | D:6      | Noticed a wraith
  5330 | D:6      | Noticed Grinder
  5337 | D:6      | Killed Grinder
  5338 | D:6      | Reached XP level 8. HP: 54/54 MP: 8/8
  5373 | D:6      | Reached skill level 8 in Stealth
  5666 | D:6      | Found an ancient bone altar of Kikubaaqudgha.
  5694 | D:6      | Found a blossoming altar of Fedhas.
  5847 | D:6      | Reached skill level 5 in Dodging
  5854 | D:6      | Reached skill level 9 in Stealth
  6029 | D:6      | Killed a wraith
  6030 | D:6      | Reached skill level 5 in Fighting
  6220 | D:6      | Found a glowing golden altar of the Shining One.
  6227 | D:6      | Reached XP level 9. HP: 55/61 MP: 9/9
  6235 | D:6      | Reached skill level 10 in Stealth
  6324 | D:6      | Found a sacrificial altar of Ru.
  6376 | D:6      | Noticed Pikel
  6424 | D:6      | Killed Pikel
  6438 | D:6      | Reached skill level 11 in Stealth
  6954 | D:6      | Found a runed translucent door.
  6956 | D:6      | Noticed PigKeeper's ghost (novice TeWr)
  6979 | D:6      | Killed PigKeeper's ghost
  7396 | D:7      | Found a runed translucent door.
  7397 | D:7      | Noticed Crazy Yiuf
  7409 | D:7      | Killed Crazy Yiuf
  7410 | D:7      | Reached skill level 12 in Stealth
  7716 | D:7      | Found a stormy altar of Qazlal.
  7759 | D:7      | Reached XP level 10. HP: 65/68 MP: 10/10
  8314 | D:7      | Found a hazy altar of Hepliaklqana.
  8318 | D:7      | Found a glowing silver altar of Zin.
  8565 | D:8      | HP: 2/91 [wight/+4 mace of freezing (3)]
  8569 | D:8      | Reached skill level 13 in Stealth
  9482 | D:8      | Found Xani's Tremendous Tomes.
  9519 | D:8      | Found a bloodstained altar of Trog.
  9563 | D:8      | Reached **** piety under Trog
  9639 | D:8      | Noticed a tengu warrior
  9800 | D:8      | Killed a tengu warrior
  9801 | D:8      | Reached skill level 1 in Evocations
 10389 | D:8      | Reached skill level 14 in Stealth
 10760 | D:9      | Found a staircase to the Lair.
 10770 | Lair:1   | Entered Level 1 of the Lair of Beasts
 10770 | Lair:1   | Noticed a seven-headed hydra
 10825 | D:9      | HP: 3/69 [seven-headed hydra (3)]
 10825 | D:9      | Slain by a seven-headed hydra

Illustrated notes

Levels and vault maps discovered:
D:1:      nzn_arrival_depleted_hourglass, layout_basic
D:2:      layout_basic, basic_ecumenical_altar,
          hangedman_abyss_or_decor_lesser_grid
D:3:      layout_loops_ring, skrybe_limestone_x, chequers_big_river, st_stairs_6
D:4:      layout_rooms, st_stairs_4, dk_noncrumbling_3
D:5:      layout_basic, xom_butterflies, minmay_temple_entry_junction
D:6:      layout_cave_pools, nicolae_ru_path_of_blood,
          mainiacjoe_overflow_catwalk, mainiacjoe_overflow_catch_the_wave,
          lightli_sewer_entry_pipes, ebering_ghost_sewer_d, uniq_grinder,
          uniq_pikel
D:7:      layout_loops_ring, mainiacjoe_overflow_cross_hatched,
          grunt_temple_overflow_open, corexii_item_surrounded_by_moat,
          uniq_crazy_yiuf_cottage
D:8:      layout_gridville, trog_book, grunt_ministairs_13,
          nicolae_shop_i_like_big_books
D:9:      layout_stronghold, kennysheep_mini_moat, kennysheep_okawaru_gauntlet,
          lair_entry_dummy
Temple:   nicolae_temple_figure_zero
Lair:1:   layout_misc_corridors, roderic_batcave, minmay_hedge_maze,
          beast_lair_carwin_7

Skill      XL: |  1  2  3  4  5  6  7  8  9 10 |
---------------+-------------------------------+-----
Stealth        | 1 3 4 5 7 9 12 14 | 14.3
Short Blades   | 4 5 6 7 8 |  8.7
Fighting       | 4 5 6 |  6.4
Dodging        | 4 5 6 7 |  7.1
Evocations     | 1 |  1.7

Action                   |  1- 3 |  4- 6 |  7- 9 | 10-12 || total
-------------------------+-------+-------+-------+-------++-------
Melee: Short sword       |    50 |       |       |       ||    50
       Constrict         |    23 |    22 |    25 |    22 ||    92
       Tentacles         |    14 |    33 |    62 |    45 ||   154
       Dagger            |    42 |   138 |   253 |   151 ||   584
       Punch             |       |     6 |     5 |     4 ||    15
Invok: Berserk           |       |       |     3 |     3 ||     6
       Trog's Hand       |       |       |     1 |       ||     1
Evoke: Wand              |       |       |       |     8 ||     8
  Use: Scroll            |       |     4 |     3 |     2 ||     9
       Potion            |       |       |     2 |       ||     2
 Stab: Sleeping          |     7 |     9 |    19 |     5 ||    40
Armor: Skin              |     2 |     4 |    11 |     2 ||    19
Dodge: Dodged            |    47 |    50 |    85 |    65 ||   247
